 Dungeon Crawl Stone Soup version 0.14-a0-155-gd989017 (webtiles) character file.

987 PolkaDot the Ruffian (level 7, -1/71 HPs)
             Began as a Troll Fighter on Oct 4, 2013.
             Killed from afar by an orc wizard (6 damage)
             ... with a magic dart
             ... on Level 5 of the Dungeon.
             The game lasted 00:09:30 (2700 turns).

PolkaDot the Ruffian (Troll Fighter)                Turns: 2700, Time: 00:09:30

HP  -1/71        AC  5     Str 30      XL: 7   Next: 50%
MP   2/2         EV 10     Int  5      God:
Gold 229         SH  0     Dex 10      Spells:  0 memorised,  6 levels left

Res.Fire  : . . .   See Invis. : .     - Unarmed
Res.Cold  : . . .   Warding    : +   b - +0 robe
Life Prot.: + . .   Conserve   : .   (shield restricted)
Res.Poison: .       Res.Corr.  : .   (helmet restricted)
Res.Elec. : .       Clarity    : .   (no cloak)
Sust.Abil.: . .     Spirit.Shd : .   (gloves unavailable)
Res.Mut.  : .       Stasis     : .   (boots unavailable)
Res.Rott. : .       Flight     : .   j - amulet of warding
Gourmand  : +                        (no ring)
                                     w - ring of protection from magic

@: mighty, quite resistant to hostile enchantments, unstealthy
A: unfitting armour, claws 3, fast metabolism 3, gourmand, regeneration 2,
saprovore 2, tough skin 2, AC +1
a: no special abilities


You were on level 5 of the Dungeon.
You were very full.

You visited 1 branch of the dungeon, and saw 5 of its levels.

You collected 209 gold pieces.

Inventory:

Armour
 b - a +0 robe (worn)
 c - a +0 shield
Magical devices
 q - a wand of paralysis (4)
 r - a wand of confusion (13)
 t - a wand of cold (0)
Comestibles
 a - 8 meat rations
 d - 2 chunks of worm flesh
 f - a rotting chunk of goblin flesh
 i - 3 bread rations
 o - 2 pears
Scrolls
 e - 6 scrolls of identify
 g - 4 scrolls of remove curse
 h - a scroll of enchant weapon II
 p - a scroll of fog
 s - a scroll of enchant weapon I
 E - a scroll of recharging
Jewellery
 j - an amulet of warding (around neck)
 w - a ring of protection from magic (left claw)
Potions
 l - a potion of restore abilities
 u - 2 potions of coagulated blood
 A - a potion of resistance
 D - a potion of magic


   Skills:
 + Level 4.7 Fighting
 - Level 2.4 Dodging
   Level 2.4 Shields
 * Level 7.1 Unarmed Combat


You had 6 spell levels left.
You didn't know any spells.

Dungeon Overview and Level Annotations

Branches:
Dungeon (5/27)
 Temple: D:4-7

Altars:
Fedhas


Innate Abilities, Weirdness & Mutations

You are too large for most types of armour.
You have claws for hands.
Your metabolism is lightning-fast.
You like to eat raw meat.
You heal very quickly.
You can eat rotten meat.
You are covered in fur (AC +1).
You have very tough skin (AC +2).


Message History

You barely miss it. The orc hits you with an orcish whip.
* * * LOW HITPOINT WARNING * * *
The orc closely misses you. It hits you but does no damage.
You closely miss it. The orc hits you with an orcish whip!
* * * LOW HITPOINT WARNING * * *
Drink which item? (? for menu, Esc to quit)
You feel better. It hits you.
* * * LOW HITPOINT WARNING * * *
The orc misses you. The orc hits you with an orcish whip.
* * * LOW HITPOINT WARNING * * *
Drink which item? (? for menu, Esc to quit)
You feel very mighty all of a sudden. It hits you.
* * * LOW HITPOINT WARNING * * *
The orc hits you but does no damage. The orc hits you with an orcish whip.
* * * LOW HITPOINT WARNING * * *
You closely miss it.
You hear some strange, mumbled words.
The magic dart hits you!
You die...

#. #.#
#.#######.#########
#..................
###..............####
.................#
.................#
..................#
........o.........#
.......o@..(......#
.......)..........
...(............
####.########.# #. .#
#


You could see 2 orcs.

Vanquished Creatures
  An ice beast (D:5)
  A phantom (D:4)
  An ogre (D:4)
  Sigmund (D:4)
  A water moccasin (D:5)
  A crimson imp (D:5)
  A hound (D:4)
  3 orc priests (D:4)
  An orc wizard (D:5)
  A worker ant (D:5)
  3 adders (D:2)
  4 gnolls (D:4)
  2 worms
  3 giant geckos (D:1)
  2 oozes
  4 orcs
  3 giant cockroaches
  A gnoll skeleton (D:5)
  11 hobgoblins
  5 quokkas
  3 bats
  A giant gecko skeleton (D:4)
  8 giant newts
  17 goblins
  3 jackals (D:3)
  9 kobolds
  An orc zombie (D:5)
  5 rats
97 creatures vanquished.

Notes
Turn   | Place    | Note
--------------------------------------------------------------
     0 | D:1      | PolkaDot, the Troll Fighter, began the quest for the Orb.
     0 | D:1      | Reached XP level 1. HP: 23/23 MP: 0/0
   226 | D:1      | Reached XP level 2. HP: 26/31 MP: 0/0
   360 | D:1      | Reached skill level 3 in Unarmed Combat
   741 | D:2      | Reached XP level 3. HP: 37/37 MP: 1/1
   979 | D:2      | Reached XP level 4. HP: 43/46 MP: 1/1
  1234 | D:3      | Reached skill level 4 in Unarmed Combat
  1248 | D:3      | Found a blossoming altar of Fedhas.
  1711 | D:4      | Noticed Sigmund
  1723 | D:4      | Killed Sigmund
  1723 | D:4      | Reached XP level 5. HP: 52/54 MP: 1/1
  1751 | D:4      | Noticed an ogre
  1756 | D:4      | Killed an ogre
  1756 | D:4      | Reached skill level 5 in Unarmed Combat
  1863 | D:4      | Noticed a phantom
  1871 | D:4      | Killed a phantom
  1871 | D:4      | Reached XP level 6. HP: 60/62 MP: 2/2
  1993 | D:4      | Reached skill level 6 in Unarmed Combat
  2498 | D:5      | Entered Level 5 of the Dungeon
  2505 | D:5      | Reached XP level 7. HP: 70/70 MP: 2/2
  2689 | D:5      | Reached skill level 7 in Unarmed Combat
  2700 | D:5      | Killed from afar by an orc wizard

Action                   |  1- 3 |  4- 6 |  7- 9 || total
-------------------------+-------+-------+-------++-------
Melee: Unarmed           |   112 |   129 |    35 ||   276
Evoke: Wand              |       |       |     6 ||     6
  Use: Potion            |       |     3 |     3 ||     6
       Scroll            |       |       |    13 ||    13
 Stab: Paralysed         |       |       |     1 ||     1
